 Dungeon Crawl Stone Soup version 0.30-a0-364-gf6b3ef1049 (webtiles) character file.

Game seed: 7190223364263939831

1543 retardedninja the Chopper (level 8, 0/68 (73) HPs)
             Began as a Hill Orc Fighter on Nov 15, 2022.
             Was an Initiate of Gozag.
             Slain by a hornet (2 damage)
             ... while paralysed by a hornet
             ... on level 7 of the Dungeon.
             The game lasted 00:08:14 (5807 turns).

retardedninja the Chopper (Hill Orc Fighter)        Turns: 5807, Time: 00:08:14

HP:   0/68 (73)     AC: 19    Str: 21    XL:     8   Next: 87%
MP:   8/8           EV:  2    Int:  8    God:    Gozag
Gold: 245           SH:  0    Dex: 16    Spells: 7/7 levels left

rFire   . . .      SeeInvis .    a - +1 war axe
rCold   . . .      Faith    .    c - +0 buckler
rNeg    . . .      Spirit   .    b - +0 scale mail
rPois   .          Reflect  .    y - +2 hat
rElec   .          Harm     .    g - +1 cloak
rCorr   .          Rampage  .    o - +1 pair of gloves
Will    .....                    j - +0 pair of boots
Stlth   ..........               (no amulet)
HPRegen 0.31/turn                m - +6 ring of dexterity
MPRegen 0.11/turn                v - +4 ring of protection

@: paralysed, lethally poisoned (0 -> -26), drained
A: no striking features
a: Renounce Religion, Potion Petition, Call Merchant, Bribe Branch


You were on level 7 of the Dungeon.
You worshipped Gozag.
Gozag was aware of your devotion.
You visited 2 branches of the dungeon, and saw 8 of its levels.

You collected 333 gold pieces.
You paid 88 gold pieces to Gozag.

Inventory:

Hand Weapons
 a - a +1 war axe (weapon)
Armour
 b - a +0 scale mail (worn)
 c - a +0 buckler (worn)
 g - a +1 cloak (worn)
 j - a +0 pair of boots (worn)
 o - a +1 pair of gloves (worn)
 y - a +2 hat (worn)
Jewellery
 m - a +6 ring of dexterity (left hand)
 v - a +4 ring of protection (right hand)
Wands
 n - a wand of iceblast (20)
 p - a wand of quicksilver (12)
Scrolls
 d - 2 scrolls of teleportation
 k - a scroll of identify
 u - a scroll of blinking
 z - a scroll of immolation {unknown}
Potions
 e - a potion of attraction
 f - a potion of cancellation {unknown}
 h - 2 potions of mutation
 i - 2 potions of magic
 l - 4 potions of brilliance
 q - a potion of ambrosia
 r - a potion of might
 s - a potion of curing {unknown}
 t - a potion of invisibility {unknown}
 w - a potion of haste {unknown}
 x - a potion of heal wounds {unknown}


   Skills:
 + Level 7.4 Fighting
 + Level 7.5 Axes
 + Level 6.7 Armour
 + Level 6.7 Shields


You had 7 spell levels left.
You didn't know any spells.
Your spell library contained the following spells:

 Spells                   Type           Power      Damage    Failure   Level
 Slow                     Hex            0%         N/A       80%         1
 Sting                    Tmut/Pois      0%         1d3       80%         1
 Blink                    Tloc           0%         N/A       90%         2
 Momentum Strike          Conj/Tloc      0%         3d8       90%         2
 Poisonous Vapours        Pois/Air       0%         N/A       90%         2
 Confusing Touch          Hex            0%         N/A       99%         3
 Lesser Beckoning         Tloc           0%         N/A       99%         3
 Vampiric Draining        Necr           0%         2d6       99%         3
 Olgreb's Toxic Radiance  Pois           0%         N/A       100%        4


Dungeon Overview and Level Annotations

Branches:
Dungeon (7/15)             Temple (1/1) D:4

Altars:
Ashenzari
Cheibriados
Dithmenos
Elyvilon
Fedhas
Gozag
Kikubaaqudgha
Makhleb
Nemelex Xobeh
Okawaru
Ru
Sif Muna
Uskayaw
Vehumet
Wu Jian
Xom
Yredelemnul
Zin
The Shining One

Shops:
D:4 =   D:6 !

Annotations:
D:5 3 runed translucent doors, ambi's ghost, amateur DrTm


Message History

The hornet stings you but does no damage.
The wight attacks as you move away! The wight barely misses you.
The hornet stings you but does no damage.
The hornet stings you.
You feel yourself slow down. The hornet attacks as you move away!
The hornet stings you.
You are poisoned.
You feel as though you will be slow longer.
You feel very sick. You block the hornet's attack.
The wight hits you with a +1 dagger.
You feel drained.
You feel sick. The hornet completely misses you.
The wight attacks as you move away! You block the wight's attack.
The hornet attacks as you move away! You block the hornet's attack.
You feel sick. The hornet barely misses you. The scorpion closely misses you.
The wight closely misses you. The hornet stings you.
You are more poisoned.
You feel as though you will be slow longer.
The hornet attacks as you move away! The hornet barely misses you.
You feel very sick.
The hornet stings you but does no damage.
The scorpion stings you but does no damage.
There is a stone staircase leading up here.
You feel yourself speed up.
You feel very sick. The hornet stings you!
You feel yourself slow down. The wight closely misses you.
You block the scorpion's attack. The hornet stings you!
* * * LOW HITPOINT WARNING * * *
You are lethally poisoned!
You suddenly lose the ability to move!
You stop ascending the stairs.
The wight hits you but does no damage. The scorpion stings you.
* * * LOW HITPOINT WARNING * * *
You are more poisoned.
The scorpion poisons you!
You feel yourself speed up.
* * * LOW HITPOINT WARNING * * *
You feel extremely sick. The hornet stings you.
You die...
Your body crumbles into a pile of gold.

.. ...###.............
...##.#)..........##..
...#.............)...$
.................)...#
....................##
#..................#
#.5...........#.##
###s..........####
#.@yz........<.#
###z...#....#.##
#...[.#..#####
#....##### #...##
##.## ###


You could see a hornet, a scorpion, 2 wights and a shadow imp.

Vanquished Creatures
  Grinder (D:4)
  Eustachio (D:4)
  Duvessa (D:4)
  A sky beast (D:6)
  A phantom (D:7)
  2 bullfrogs
  2 scorpions (D:5)
  3 wights (D:7)
  Dowan (D:4)
  A howler monkey (D:6)
  2 hounds (D:5)
  A jelly (D:5)
  Terence (D:2)
  3 iguanas
  Natasha (D:2)
  2 orc wizards
  4 adders
  4 gnolls (D:5)
  A shadow imp (D:5)
  A white imp (D:5)
  2 ufetubi
  A worm (D:3)
  2 dart slugs (D:2)
  17 orcs
  4 ball pythons
  4 bats
  7 endoplasms
  2 giant cockroaches
  4 goblins
  5 hobgoblins
  4 jackals (D:1)
  6 kobolds
  7 quokkas
  A frilled lizard (D:2)
  2 rats
102 creatures vanquished.

Notes
Turn   | Place    | Note
-------+----------+-------------------------------------------
     0 | D:1      | retardedninja the Hill Orc Fighter began the quest for the
                  | Orb.
     0 | D:1      | Reached XP level 1. HP: 19/19 MP: 1/1
   380 | D:1      | Reached XP level 2. HP: 27/27 MP: 2/2
   837 | D:2      | Noticed Terence
   847 | D:2      | Killed Terence
   848 | D:2      | Reached XP level 3. HP: 32/33 MP: 3/3
  1028 | D:2      | Noticed Natasha
  1041 | D:2      | Killed Natasha
  1042 | D:2      | Reached XP level 4. HP: 40/41 MP: 4/4
  1492 | D:3      | Reached XP level 5. HP: 46/47 MP: 5/5
  2089 | D:4      | Found Nulaosmi's Jewellery Shop.
  2158 | D:4      | Noticed Grinder
  2177 | D:4      | Killed Grinder
  2178 | D:4      | Reached skill level 5 in Fighting
  2178 | D:4      | Reached skill level 5 in Axes
  2178 | D:4      | Reached XP level 6. HP: 6/56 MP: 6/6
  2596 | D:4      | Noticed Eustachio
  2614 | D:4      | Killed Eustachio
  2615 | D:4      | Reached skill level 5 in Armour
  2615 | D:4      | Reached skill level 5 in Shields
  2615 | D:4      | Reached XP level 7. HP: 60/62 MP: 7/7
  2617 | D:4      | Found a staircase to the Ecumenical Temple.
  2630 | Temple   | Entered the Ecumenical Temple
  2841 | D:4      | Noticed Dowan
  2842 | D:4      | Noticed Duvessa
  2857 | D:4      | Killed Duvessa
  2896 | D:4      | Killed Dowan
  3138 | D:5      | Entered Level 5 of the Dungeon
  3166 | D:5      | Found a shimmering blue altar of Sif Muna.
  3212 | D:5      | Found a glowing golden altar of the Shining One.
  3707 | D:5      | Reached XP level 8. HP: 71/71 MP: 8/8
  3743 | D:5      | Found a runed translucent gate.
  3744 | D:5      | Found a runed translucent gate.
  3744 | D:5      | Noticed ambi's ghost (amateur DrTm)
  3745 | D:5      | Found a runed translucent gate.
  3843 | D:5      | Found a burning altar of Makhleb.
  4861 | D:6      | Found an opulent altar of Gozag.
  4916 | D:6      | Became a worshipper of Gozag Ym Sagoz the Greedy
  5424 | D:6      | Found Lougeq's Distillery.
  5785 | D:7      | Noticed a hornet
  5806 | D:7      | Paralysed by a hornet for 2 turns
  5807 | D:7      | HP: 2/68 [poisoned by a scorpion]
  5807 | D:7      | Slain by a hornet

Illustrated notes

Levels and vault maps discovered:
D:1:      matt_arrival_diagonals, layout_loops_ring, serial_rivers,
          chequers_serial_rivers_marsh, chequers_serial_rivers_micro_c,
          chequers_serial_rivers_large_a, chequers_serial_rivers_micro_d,
          chequers_serial_rivers_small_b
D:2:      layout_basic, hangedman_decor_lopped, uniq_natasha, uniq_terence
D:3:      layout_basic
D:4:      layout_rooms, minmay_temple_entry_butterflies, serial_shops,
          shop_statue, hangedman_decor_diamond_cutter, uniq_grinder,
          uniq_duvessa, uniq_eustachio
D:5:      layout_layer_cave, mainiacjoe_overflow_alcove_2, bloody_makhleb,
          mainiacjoe_overflow_paths, gammafunk_ghost_nasty_kobolds
D:6:      layout_basic, old_standard_altar, serial_shops, kennysheep_little_box
D:7:      layout_cave_pools, chequers_temple_overflow_statue_of_worship
Temple:   nicolae_temple_superstar

Skill      XL: |  1  2  3  4  5  6  7  8 |
---------------+-------------------------+-----
Axes           | 3 4 5 6 7 |  7.5
Fighting       | 4 5 6 7 |  7.4
Armour         | 4 5 6 |  6.7
Shields        | 4 5 6 |  6.7

Action                   |  1- 3 |  4- 6 |  7- 9 || total
-------------------------+-------+-------+-------++-------
Melee: War axe           |    51 |   103 |   193 ||   347
  Use: Potion            |       |     2 |     2 ||     4
       Scroll            |       |       |     9 ||     9
Armor: Scale mail        |    20 |    60 |   125 ||   205
Dodge: Dodged            |    22 |    52 |    88 ||   162
Block: Buckler           |    13 |    25 |    54 ||    92

Table legend: (Time is in decaauts)
 A = Elapsed time spent in this place.
 B = Non-inter-level travel time spent in this place.
 C = Inter-level travel time spent in this place.
 D = Time resting spent in this place.
 E = Time spent auto-exploring this place.
 F = Levels seen in this place.
 G = Mean time per level.
                   A        B        C        D        E       F      G
               +--------+--------+--------+--------+--------+-----+--------+
         Total |   5918 |   5767 |    151 |    820 |   3969 |   8 |  739.8 |
       Dungeon |   5778 |   5652 |    126 |    820 |   3869 |   7 |  825.4 |
        Temple |    139 |    114 |     25 |      0 |    100 |   1 |  139.0 |
               +--------+--------+--------+--------+--------+-----+--------+

Top non-repeatable levels by time:
     D:5: 1514 daAuts
     D:4: 934 daAuts
     D:1: 862 daAuts
     D:6: 848 daAuts
     D:3: 729 daAuts
     D:2: 547 daAuts
     D:7: 341 daAuts
  Temple: 139 daAuts
